 Dungeon Crawl Stone Soup version 0.15.1-2-g8fbdab7 (webtiles) character file.

217901 gigot the Sensei (level 19, -4/117 HPs)
             Began as a Gargoyle Monk on Sept 30, 2014.
             Was the Champion of Qazlal.
             Splashed by an acid blob's acid (8 damage)
             ... on Level 2 of the Pits of Slime on Oct 1, 2014.
             The game lasted 04:34:28 (44798 turns).

gigot the Sensei (Gargoyle Monk)                   Turns: 44798, Time: 04:34:29

HP  -4/117       AC  3     Str 19      XL: 19   Next: 10%
MP  33/33        EV 20     Int 16      God: Qazlal [******]
Gold 3754        SH 21     Dex 18      Spells:  0 memorised, 18 levels left

rFire  . . .     SeeInvis .       - Unarmed
rCold  + + .     Clarity  .     O - +1 robe "Qurgheak" {rC+ MR++ Int+4}
rNeg   + + +     rCorr    .     g - +0 shield
rPois  +         rRot     +     T - +2 helmet
rElec  +         Spirit   .     p - +2 cloak
SustAb .         Warding  +     c - +0 pair of gloves
rMut   .         Stasis   .     H - +0 pair of boots
Gourm  .                        E - amulet of warding
MR     +++..                    z - ring of regeneration
                                D - ring "Dizxytou" {rElec rN+ Str+3}

@: corroded equipment, flying, repel missiles, extremely resistant to hostile
enchantments, very unstealthy
A: able to fly continuously, big wings, cold resistance 1, negative energy
resistance 1, electricity resistance, unbreathing, petrification resistance, rot
immunity, AC +13
a: Stop Flying, Upheaval, Elemental Force, Disaster Area, Renounce Religion
}: 1/15 runes: serpentine


You were on level 2 of the Pits of Slime.
You worshipped Qazlal.
Qazlal was exalted by your worship.
You were very hungry.

You visited 6 branches of the dungeon, and saw 35 of its levels.

You collected 3934 gold pieces.
You spent 180 gold pieces at shops.

Inventory:

Armour
 c - a +0 pair of gloves (worn)
 g - a +0 shield (worn)
 p - a +2 cloak (worn)
 t - a +2 plate armour of cold resistance
 y - a +2 ring mail of fire resistance
 H - a +0 pair of boots (worn)
 O - the +1 robe "Qurgheak" (worn) {rC+ MR++ Int+4}
   (You found it on level 7 of the Lair of Beasts)

   It affects your intelligence (+4).
   It protects you from cold.
   It affects your resistance to hostile enchantments.
 T - a +2 helmet (worn)
Magical devices
 l - a wand of hasting (2)
 m - a wand of digging (14)
 q - a wand of frost (5)
 w - a wand of disintegration (14)
 G - a wand of draining (0)
 L - a wand of fire (10)
 Q - a wand of lightning (5)
 R - a wand of cold (4)
Comestibles
 b - 10 bread rations
 S - 3 fruits
Scrolls
 a - 2 scrolls of fear
 h - 2 scrolls of recharging
 i - 3 scrolls of fog
 j - 7 scrolls of blinking
 k - 12 scrolls of identify
 x - a scroll of enchant armour
 C - a scroll of teleportation
 V - 2 scrolls of remove curse
 X - a scroll of amnesia
Jewellery
 d - an uncursed amulet of resist mutation
 s - an uncursed ring of positive energy
 z - a ring of regeneration (right hand)
 D - the ring "Dizxytou" (left hand) {rElec rN+ Str+3}
   (You took it off an orc wizard on level 4 of the Orcish Mines)

   [ring of strength]

   It affects your strength (+3).
   It insulates you from electricity.
   It protects you from negative energy.
 E - an amulet of warding (around neck)
 W - an uncursed ring of sustain abilities
Potions
 e - 2 potions of resistance
 n - 2 potions of restore abilities
 o - 3 potions of heal wounds
 r - a potion of might {unknown}
 u - 3 potions of curing
 v - a potion of invisibility {unknown}
 I - 4 potions of berserk rage
 Z - a potion of haste
Books
 B - a book of Minor Magic

   Spells                             Type                      Level
   Magic Dart                         Conjuration                  1
   Blink                              Translocation                2
   Call Imp                           Summoning                    2
   Repel Missiles                     Charms/Air                   2
   Slow                               Hexes                        2
   Conjure Flame                      Conjuration/Fire             3
   Mephitic Cloud                     Conjuration/Poison/Air       3
 Y - a book of Unlife

   Spells                             Type                      Level
   Recall                             Summoning/Translocation      3
   Animate Dead                       Necromancy                   4
   Control Undead                     Necromancy                   4
   Twisted Resurrection               Necromancy                   5
   Death Channel                      Necromancy                   6
   Simulacrum                         Ice/Necromancy               6
Miscellaneous
 K - a disc of storms
 N - a stone of tremors


   Skills:
 + Level 12.3 Fighting
 + Level 13.1 Armour
 + Level 10.7 Dodging
 - Level 2.1 Stealth
 + Level 11.5 Shields
 * Level 21.5 Unarmed Combat
 + Level 12.0 Invocations


You had 18 spell levels left.
You didn't know any spells.

Dungeon Overview and Level Annotations

Branches:
Dungeon (15/15)            Temple (1/1) D:5             Orc (4/4) D:9
    Elf (0/3) Orc:4          Lair (8/8) D:10         Shoals (0/5) Lair:6
  Snake (5/5) Lair:5        Slime (2/6) Lair:7       Vaults (0/5) D:14
 Depths (0/5) D:15

Altars:
Ashenzari
Cheibriados
Dithmenos
Elyvilon
Fedhas
Kikubaaqudgha
Makhleb
Nemelex Xobeh
Okawaru
Qazlal
Sif Muna
Trog
Vehumet
Xom
Yredelemnul
Zin
The Shining One
Beogh
Jiyva

Shops:
D:5 (   D:13 (   Orc:4 [[%[*   Snake:2 (

Annotations:
Snake:4 Mara


Innate Abilities, Weirdness & Mutations

You are resistant to torment.
You are immune to poison.
You can fly continuously.
Your stone body is very resilient (AC +13).
Your wings are large and strong.
You resist negative energy.
You are resistant to electric shocks.
You can survive without breathing.
You are immune to petrification.
You are immune to rotting.
Your flesh is cold resistant.


Message History

The acid burns!
* * * LOW HITPOINT WARNING * * *
The slime creature is struck by lightning.
You kill the slime creature!
Qazlal accepts your kill.
Drink which item? (? for menu, Esc to quit)
You feel much better. The acid blob spits acid at you.
The splash of acid hits you!
* * * LOW HITPOINT WARNING * * *
The acid burns!
* * * LOW HITPOINT WARNING * * *
Unknown command.
The acid blob spits acid at you.
The splash of acid is repelled.
The acid blob spits acid at you. The splash of acid hits you!
* * * LOW HITPOINT WARNING * * *
The acid burns!
You die...

##.#..##...###.##...#....
.....##....#......###...
# ###.#...#....#..##..#
....
##.#...##.....J....##...
....
##..................# #..
...#
###.#..#.......§.§§...##
#......#......§§§.#..#.##
....#.#.......#.........#
......##.#......@.§.....#
.......#.##....§.§......#
...#..#...#......§.......
..........#.........#.#.#
...........#...##...###
................#...#
........##.#........###
.........###....#..##.##
.......>...........#...#


You could see an acid blob.

Vanquished Creatures
  Mara (Snake:5)
  4 acid blobs
  Rupert (Lair:8)
  Frances (Snake:2)
  An azure jelly (Slime:2)
  6 greater nagas (Snake:5)
  Wiglaf (Snake:5)
  Maud (Lair:5)
  Gastronok (Lair:3)
  2 orc warlords (Orc:4)
  A stone giant (Orc:4)
  Azrael (D:14)
  A dire elephant (D:15)
  Snorg (Snake:1)
  A fire dragon (D:12)
  3 vault guards (D:14)
  Josephine (Orc:4)
  Harold (Lair:4)
  16 naga warriors
  9 hydras
  A ravenous item mimic (Lair:6)
  10 anacondas
  4 centaur warriors
  4 tengu warriors
  11 naga sharpshooters
  3 orc high priests (Orc:4)
  13 death yaks
  The ghost of stonage the Sneak, an experienced OpWz of Vehumet (D:10)
  A catoblepas (Lair:7)
  6 shock serpents
  8 sea snakes (Snake:5)
  3 skeletal warriors (D:14)
  3 salamander mystics
  An ice devil (Snake:2)
  Erolcha (D:13)
  2 unseen horrors
  6 naga ritualists
  A deep elf summoner (Orc:3)
  13 hill giants
  Pikel (D:8)
  8 orc knights
  2 wizards (D:14)
  A griffon (D:15)
  2 necromancers (D:14)
  5 orc sorcerers (Orc:4)
  5 wolf spiders
  2 red wasps
  4 ugly things
  A shining eye (Slime:1)
  A cyclops (D:13)
  7 mana vipers
  14 salamanders
  50 black mambas
  A mermaid (Lair:6)
  12 elephants
  A manticore (D:11)
  A sixfirhy (Orc:4)
  A torpor snail (Lair:7)
  15 spiny frogs
  3 gargoyles
  10 guardian serpents
  7 naga magi
  2 efreet
  An orange demon (Orc:4)
  An iron devil (Snake:2)
  7 komodo dragons
  3 tengu conjurers
  3 merfolk (Lair:6)
  The ghost of ch1llma the Skirmisher, an average HOFi (D:4)
  2 fire drakes
  4 freezing wraiths
  3 two-headed ogres
  A polar bear (Lair:7)
  49 slime creatures
  Prince Ribbit (D:7)
  8 trolls
  A boulder beetle (D:13)
  A trapdoor spider zombie (D:12)
  A hydra skeleton (D:12)
  16 ravens
  43 yaks
  17 blink frogs
  4 basilisks
  A griffon skeleton (D:12)
  A redback (Orc:3)
  4 deep elf magi
  2 golden eyes (Slime:2)
  A tarantella (shapeshifter) (D:14)
  5 wyverns
  2 fire elementals
  A trapdoor spider (D:13)
  A shadow (D:12)
  3 vampires
  An air elemental (Orc:4)
  18 humans
  6 vampire mosquitoes (D:14)
  8 wolves (Lair:3)
  2 raven zombies (D:14)
  58 nagas
  3 hill giant skeletons
  11 hippogriffs
  4 wargs
  A steam dragon (Lair:8)
  5 hell hounds
  3 soldier ants
  36 water moccasins
  10 deep elf fighters
  3 sky beasts
  2 tengu zombies
  4 ice beasts
  9 porcupines
  2 black bears
  2 spiders
  2 phantoms
  A boggart (D:13)
  2 necrophages
  40 orc warriors
  19 ogres
  A boring beetle (Lair:8)
  2 yellow wasps
  A hill giant simulacrum (D:13)
  The ghost of stonage the Skirmisher, an average OpCK of Xom (D:3)
  19 centaurs
  14 crocodiles
  22 giant frogs
  4 brain worms
  13 big kobolds
  2 cyclops zombies (D:9)
  4 killer bees (D:9)
  A cyclops skeleton (D:15)
  4 scorpions
  A scorpion (shapeshifter) (D:15)
  3 eyes of draining
  A tengu skeleton (D:13)
  10 electric eels
  5 wights (D:7)
  2 yak skeletons (Orc:4)
  2 troll skeletons (Orc:4)
  2 goliath beetles
  9 crimson imps
  An iron imp (D:10)
  37 orc priests
  3 centaur skeletons
  An elf zombie (D:8)
  8 jellies
  2 centaur zombies (D:14)
  A human zombie (D:14)
  8 iguanas
  2 quasits
  2 giant frog skeletons
  28 orc wizards
  10 hounds
  17 worker ants
  2 ogre zombies (Orc:4)
  A mottled dragon zombie (D:13)
  6 sheep
  Ijyb (D:6)
  A big kobold skeleton (D:6)
  A mottled dragon skeleton (D:15)
  An ogre skeleton (Orc:4)
  Terence (D:2)
  A hound skeleton (D:14)
  12 gnolls
  66 green rats
  6 orc skeletons (Orc:4)
  A steam dragon zombie (D:10)
  32 adders
  A shadow imp (D:6)
  4 giant geckos
  An ooze (D:5)
  231 orcs
  2 ball pythons
  3 giant cockroaches
  2 gnoll zombies (D:3)
  22 goblins
  20 hobgoblins
  14 jackals
  10 quokkas
  8 bats
  8 giant newts
  3 goblin skeletons (Orc:4)
  A goblin zombie (Orc:4)
  A hobgoblin zombie (Orc:4)
  30 kobolds
  A kobold skeleton (D:5)
  36 orc zombies (Orc:4)
  15 rats
  8 rat skeletons (Orc:4)
  7 ballistomycetes
  A bush (Lair:7)
  79 fungi
  57 plants
1682 creatures vanquished.

Vanquished Creatures (collateral kills)
  An orc warlord (Orc:4)
  An orc warrior (Orc:4)
  An orc (Orc:4)
  An orc zombie (Orc:4)
4 creatures vanquished.

Vanquished Creatures (others)
  An unseen horror (D:10)
  A tengu conjurer (D:13)
  2 ravens (D:13)
  A fire elemental (Orc:4)
  A water elemental (Lair:7)
  An air elemental (Orc:4)
  A yak (D:13)
  2 slaves (D:8)
  A centaur (D:15)
  A big kobold (D:8)
  A quasit (D:13)
  A crimson imp (D:8)
  A hound (D:8)
  2 worker ants (D:8)
  A white imp (D:10)
  4 orcs
  4 giant spores
  A quokka (D:8)
  A rat (D:8)
  3 rat skeletons (Orc:4)
  A ballistomycete (D:13)
  10 fungi
  8 plants
50 creatures vanquished.

Grand Total: 1736 creatures vanquished

Notes
Turn   | Place    | Note
--------------------------------------------------------------
     0 | D:1      | gigot, the Gargoyle Monk, began the quest for the Orb.
     0 | D:1      | Reached XP level 1. HP: 14/14 MP: 1/1
   244 | D:1      | Reached XP level 2. HP: 13/19 MP: 2/2
   824 | D:1      | Reached skill level 5 in Unarmed Combat
   824 | D:1      | Reached XP level 3. HP: 4/23 MP: 3/3
  1269 | D:2      | Found an iron altar of Okawaru.
  1300 | D:2      | Noticed Terence
  1339 | D:2      | Killed Terence
  1653 | D:2      | Reached XP level 4. HP: 28/28 MP: 4/4
  1821 | D:3      | Noticed stonage's ghost (average OpCK)
  1846 | D:3      | Killed stonage's ghost
  1846 | D:3      | Reached skill level 6 in Unarmed Combat
  1846 | D:3      | Reached XP level 5. HP: 30/32 MP: 5/5
  1872 | D:3      | Found a burning altar of Makhleb.
  2225 | D:3      | Reached XP level 6. HP: 27/37 MP: 6/6
  2522 | D:3      | Noticed an ice beast
  2536 | D:3      | Killed an ice beast
  2536 | D:3      | Reached skill level 1 in Armour
  2536 | D:3      | Reached skill level 7 in Unarmed Combat
  2851 | D:3      | Found a basalt altar of Yredelemnul.
  3194 | D:4      | Reached XP level 7. HP: 36/43 MP: 7/7
  3331 | D:4      | Noticed ch1llma's ghost (average HOFi)
  4418 | D:4      | Found a deep blue altar of Sif Muna.
  4418 | D:4      | Found a shadowy altar of Dithmenos.
  4614 | D:4      | Killed ch1llma's ghost
  4659 | D:5      | Entered Level 5 of the Dungeon
  4682 | D:5      | Reached XP level 8. HP: 48/48 MP: 8/8
  4714 | D:5      | Reached skill level 8 in Unarmed Combat
  4776 | D:5      | Found Yha Tidahunt's Weapon Shop.
  4907 | D:5      | Found an ancient bone altar of Kikubaaqudgha.
  4926 | D:5      | Reached skill level 5 in Fighting
  5389 | D:5      | Found a staircase to the Ecumenical Temple.
  5401 | Temple   | Entered the Ecumenical Temple
  5415 | Temple   | Became a worshipper of Qazlal Stormbringer
  5415 | Temple   | Acquired Qazlal's first power
  5415 | Temple   | Acquired Qazlal's second power
  5823 | D:6      | Noticed Ijyb
  5842 | D:6      | Killed Ijyb
  6340 | D:7      | Reached skill level 1 in Invocations
  6452 | D:7      | Reached skill level 9 in Unarmed Combat
  6655 | D:7      | Reached XP level 9. HP: 53/55 MP: 11/11
  6801 | D:7      | Noticed Prince Ribbit
  7199 | D:8      | Noticed Pikel
  7199 | D:8      | Reached skill level 5 in Armour
  7234 | D:8      | Killed Pikel
  7322 | D:8      | Reached skill level 10 in Unarmed Combat
  7344 | D:8      | Reached skill level 5 in Dodging
  7417 | D:8      | Reached XP level 10. HP: 61/61 MP: 16/16
  9313 | D:9      | Acquired Qazlal's third power
  9362 | D:8      | Reached skill level 11 in Unarmed Combat
  9742 | D:9      | Found a glowing silver altar of Zin.
  9837 | D:9      | Reached skill level 5 in Invocations
 10083 | D:9      | Reached XP level 11. HP: 42/68 MP: 19/19
 10153 | D:9      | Acquired Qazlal's fourth power
 10275 | D:9      | Reached skill level 1 in Shields
 10449 | D:9      | Found a staircase to the Orcish Mines.
 10495 | D:9      | Found a roughly hewn altar of Beogh.
 11206 | D:10     | Entered Level 10 of the Dungeon
 11206 | D:10     | Found a staircase to the Lair.
 11366 | D:10     | Noticed stonage's ghost (experienced OpWz)
 11408 | D:10     | Killed stonage's ghost
 11483 | D:10     | Killed an unseen horror
 11530 | D:10     | Reached skill level 12 in Unarmed Combat
 11578 | D:10     | Noticed a hill giant
 11587 | D:10     | Killed a hill giant
 11611 | D:10     | Killed an unseen horror
 12354 | D:11     | Acquired Qazlal's fifth power
 12418 | D:11     | Noticed a hill giant
 12480 | D:11     | Killed a hill giant
 12663 | D:11     | Noticed a hill giant
 12673 | D:11     | Killed a hill giant
 12673 | D:11     | Reached XP level 12. HP: 54/75 MP: 22/22
 12779 | D:11     | Noticed a hill giant
 12793 | D:11     | Killed a hill giant
 13719 | Lair:1   | Entered Level 1 of the Lair of Beasts
 14041 | Lair:1   | Reached skill level 5 in Shields
 14498 | Lair:2   | Upgraded the game from 0.15.1-1-gfacfea3 to 0.15.1-2-g8fbdab7
 15590 | D:7      | Killed Prince Ribbit
 15590 | D:7      | Reached skill level 13 in Unarmed Combat
 16405 | Lair:3   | Noticed a six-headed hydra
 16415 | Lair:3   | Killed a six-headed hydra
 16486 | Lair:3   | Noticed a four-headed hydra
 16507 | Lair:3   | Killed a four-headed hydra
 16507 | Lair:3   | Reached XP level 13. HP: 31/80 MP: 25/25
 16840 | Lair:3   | Noticed a six-headed hydra
 16851 | Lair:3   | Killed a six-headed hydra
 16875 | Lair:3   | Noticed Gastronok
 16937 | Lair:3   | Killed Gastronok
 17622 | Lair:4   | Noticed Harold
 17649 | Lair:4   | Killed Harold
 17910 | Lair:4   | Reached skill level 10 in Fighting
 18503 | Lair:5   | Found a staircase to the Snake Pit.
 18681 | Lair:5   | Got an ancient robe
 18692 | Lair:5   | Identified the cursed -3 robe of Fun and Games {Str-2} (You found it on level 5 of the Lair of Beasts)
 18870 | Lair:5   | Got a heavily runed scale mail
 18871 | Lair:5   | Identified the +1 scale mail of Ciyvon {Stlth++} (You found it on level 5 of the Lair of Beasts)
 19561 | Lair:6   | Noticed Maud
 19634 | Lair:5   | Killed Maud
 19634 | Lair:5   | Reached skill level 10 in Armour
 19926 | Lair:6   | Reached skill level 14 in Unarmed Combat
 20072 | Lair:6   | Found a staircase to the Shoals.
 20906 | Lair:6   | Gained mutation: Your wings are large and strong. [gargoyle growth]
 20906 | Lair:6   | Reached XP level 14. HP: 45/88 MP: 23/27
 21463 | Lair:7   | Got a heavily jewelled robe
 21474 | Lair:7   | Identified the +1 robe "Qurgheak" {rC+ MR++ Int+4} (You found it on level 7 of the Lair of Beasts)
 22621 | Lair:7   | Found a viscous altar of Jiyva.
 22621 | Lair:7   | Found a staircase to the Slime Pits.
 22988 | Lair:8   | Entered Level 8 of the Lair of Beasts
 23295 | Lair:8   | Noticed Rupert
 23411 | Snake:1  | Entered Level 1 of the Snake Pit
 23481 | Snake:1  | Noticed Snorg
 23495 | Snake:1  | Killed Snorg
 23798 | Snake:1  | Reached skill level 10 in Invocations
 24216 | Snake:1  | Reached skill level 15 in Unarmed Combat
 24477 | Snake:1  | Reached XP level 15. HP: 86/95 MP: 28/28
 24752 | Snake:2  | Noticed Frances
 24973 | Orc:1    | Entered Level 1 of the Orcish Mines
 25163 | Orc:2    | Found an iron altar of Okawaru.
 25250 | Orc:2    | Found a roughly hewn altar of Beogh.
 25472 | Orc:2    | Found a roughly hewn altar of Beogh.
 27125 | Temple   | Identified a scroll of acquirement
 27126 | Temple   | Got a pair of fine gloves
 27137 | Temple   | Identified the -4 pair of gloves "Isyotuidd" {+Inv} (You acquired it in the Ecumenical Temple)
 27606 | Orc:4    | Entered Level 4 of the Orcish Mines
 27688 | Orc:3    | Reached skill level 16 in Unarmed Combat
 28020 | Orc:4    | Noticed Josephine
 28300 | Orc:4    | Killed Josephine
 28450 | Orc:4    | Paralysed by an orc sorcerer for 2 turns
 28548 | Orc:4    | Paralysed by an orc sorcerer for 7 turns
 28670 | Orc:4    | Found Wilovoero's Armour Emporium.
 28840 | Orc:4    | Found Skauc's Assorted Antiques.
 28850 | Orc:4    | Found Degac's Food Emporium.
 28850 | Orc:4    | Found Mneuff's Armour Shop.
 28864 | Orc:4    | Bought an ancient ring mail for 180 gold pieces
 28870 | Orc:4    | Identified the +3 ring mail of Cowardice {Int-2} (You bought it in a shop on level 4 of the Orcish Mines)
 29182 | Orc:4    | Reached skill level 17 in Unarmed Combat
 29451 | Orc:4    | Paralysed by an orc sorcerer for 4 turns
 29533 | Orc:4    | Got a warped brass ring
 29732 | Orc:4    | Found a staircase to the Elven Halls.
 29769 | Orc:4    | Found Isafuan's Antique Armour Emporium.
 30026 | Orc:4    | Identified Further Steps in Witchcraft
 30418 | Temple   | Identified the ring "Dizxytou" {rElec rN+ Str+3} (You took it off an orc wizard on level 4 of the Orcish Mines)
 30910 | D:12     | Got a warped leather armour
 30930 | D:12     | Identified the cursed -2 leather armour "Cam Brie" {rElec rF+ rN+ Dex-5 Int+3} (You found it on level 12 of the Dungeon)
 31106 | D:12     | Found an ancient bone altar of Kikubaaqudgha.
 31291 | D:12     | Reached XP level 16. HP: 100/100 MP: 29/29
 31961 | D:12     | Reached skill level 18 in Unarmed Combat
 32141 | D:13     | Noticed Erolcha
 32144 | D:13     | Killed Erolcha
 32415 | D:13     | Found Acrihugi's Antique Weapon Shop.
 33429 | D:13     | Reached skill level 19 in Unarmed Combat
 33997 | D:14     | Found a gate to the Vaults.
 34187 | D:15     | Entered Level 15 of the Dungeon
 34249 | D:15     | Noticed Azrael
 34311 | D:14     | Killed Azrael
 34586 | D:15     | Reached skill level 20 in Unarmed Combat
 34680 | D:15     | Found a glowing golden altar of the Shining One.
 35005 | D:15     | Reached XP level 17. HP: 105/105 MP: 21/30
 35010 | D:15     | Found a staircase to the Depths.
 37339 | Lair:8   | Killed Rupert
 38282 | Snake:2  | Killed Frances
 38422 | Snake:2  | Found Mablodus' Antique Weapon Emporium.
 38993 | Snake:3  | Reached skill level 10 in Shields
 40806 | Snake:4  | Reached skill level 10 in Dodging
 41168 | Snake:5  | Entered Level 5 of the Snake Pit
 41180 | Snake:5  | Reached XP level 18. HP: 105/110 MP: 31/31
 41657 | Snake:5  | Reached skill level 21 in Unarmed Combat
 42229 | Snake:5  | Got a serpentine rune of Zot
 42562 | Snake:5  | Noticed Mara
 42571 | Snake:5  | Noticed Wiglaf
 42583 | Snake:5  | Noticed gigot's illusion
 42634 | Snake:5  | Killed Wiglaf
 42662 | Snake:5  | Killed Mara
 42742 | Snake:5  | Noticed gigot's illusion
 42860 | Snake:5  | Noticed gigot's illusion
 42927 | Snake:4  | Noticed gigot's illusion
 43265 | Slime:1  | Entered Level 1 of the Pits of Slime
 44053 | Slime:1  | Gained mutation: Your flesh is cold resistant. [a shining eye]
 44590 | Slime:2  | Reached XP level 19. HP: 96/116 MP: 32/32
 44798 | Slime:2  | HP: 4/117 [acid blob/splash of acid (14)]
 44798 | Slime:2  | Splashed by an acid blob's acid

Action                   |  1- 3 |  4- 6 |  7- 9 | 10-12 | 13-15 | 16-18 | 19-21 || total
-------------------------+-------+-------+-------+-------+-------+-------+-------++-------
Melee: Unarmed           |   135 |   210 |   553 |  1207 |  1988 |  2115 |    54 ||  6262
Invok: Upheaval          |       |       |     1 |     1 |     9 |    18 |       ||    29
       Elemental Force   |       |       |       |       |     2 |       |       ||     2
       Disaster Area     |       |       |       |       |     1 |       |       ||     1
 Abil: Evoke Berserk Rag |       |       |       |       |     2 |       |       ||     2
       Fly               |       |       |       |       |     1 |     1 |       ||     2
       Stop Flying       |       |       |       |       |       |     1 |       ||     1
Evoke: Wand              |       |       |       |     5 |     2 |     2 |       ||     9
       Disc of storms    |       |       |       |       |       |     3 |       ||     3
  Use: Scroll            |       |       |       |    13 |     7 |     3 |       ||    23
       Potion            |       |       |       |     8 |     3 |       |     1 ||    12
 Stab: Sleeping          |       |     1 |     3 |       |       |       |       ||     4
       Distracted        |       |       |       |       |     1 |       |       ||     1
       Petrified         |       |       |       |       |     1 |       |       ||     1
  Eat: Chunk             |     2 |     6 |    17 |    37 |    57 |    40 |       ||   159
       Bread ration      |       |       |       |       |     1 |     2 |       ||     3
       Fruit             |       |       |       |       |       |     5 |       ||     5
       Pizza             |       |       |       |       |       |     1 |       ||     1
